 Dungeon Crawl Stone Soup version 0.16.0-17-g811c1d7 (webtiles) character file.

2300 DogShitOnMyToe the Grappler (level 9, -8/42 HPs)
             Began as a Vine Stalker Hunter on Mar 22, 2015.
             Mangled by Menkaure (15 damage)
             ... on level 7 of the Dungeon.
             The game lasted 00:13:37 (5020 turns).

DogShitOnMyToe the Grappler (Vine Stalker Hunter)   Turns: 5020, Time: 00:13:37

Health: -8/42      AC:  9    Str: 19    XL:     9   Next: 40%
Magic:  0/12       EV:  7    Int: 11    God:
Gold:   385        SH:  0    Dex: 14    Spells: 0 memorised, 8 levels left

rFire  . . .     SeeInvis .       - Unarmed
rCold  . . .     Clarity  .     H - +0 chain mail
rNeg   . . .     SustAb   .     (no shield)
rPois  .         Gourm    .     (no helmet)
rElec  .         Spirit   +     v - +0 cloak
rCorr  +         Warding  .     (no gloves)
rMut   .         Stasis   .     (no boots)
MR     +....                    r - amulet of resist corrosion
Stlth  ..........               (no ring)
                                (no ring)

@: somewhat resistant to hostile enchantments, extremely unstealthy
A: fangs 3, regeneration 2, magic shield, antimagic bite, no device heal 3, rot
immunity
a: no special abilities


You were on level 7 of the Dungeon.
You were not hungry.

You visited 1 branch of the dungeon, and saw 7 of its levels.

You collected 385 gold pieces.

Inventory:

Missiles
 c - 2 throwing nets (quivered)
Armour
 v - a +0 cloak (worn)
 H - a +0 chain mail (worn)
Jewellery
 r - an amulet of resist corrosion (around neck)
Magical devices
 d - a wand of frost (15)
 m - a wand of frost (25)
 F - a wand of enslavement (12)
Scrolls
 a - 2 scrolls of enchant armour {unknown}
 e - 3 scrolls of random uselessness {unknown}
 h - 3 scrolls of blinking {unknown}
 j - a scroll of magic mapping {unknown}
 l - 7 scrolls of identify {unknown}
 o - 2 scrolls of recharging {unknown}
 q - 2 scrolls of remove curse {unknown}
 s - 2 scrolls of fear {unknown}
 u - a scroll of enchant weapon {unknown}
 y - a scroll of noise {unknown}
 C - 2 scrolls of teleportation {unknown}
Potions
 b - a potion of lignification {unknown}
 g - 2 potions of heal wounds {unknown}
 k - 3 potions of curing {unknown}
 n - a potion of might {unknown}
 p - 3 potions of brilliance {unknown}
 w - a potion of magic {unknown}
 z - 2 potions of degeneration {unknown}
 B - a potion of restore abilities {unknown}
 D - 2 potions of mutation {unknown}
 E - 3 potions of haste
Comestibles
 f - 8 bread rations
 i - 5 meat rations
 t - 19 fruits
 x - 3 royal jellies
 A - 3 slices of pizza
 G - 8 chunks of flesh


   Skills:
 - Level 1.7 Fighting
 - Level 3.6 Throwing
 - Level 1.5 Dodging
 - Level 1.2 Stealth
 + Level 11.9 Unarmed Combat


You had 8 spell levels left.
You didn't know any spells.

Dungeon Overview and Level Annotations

Branches:
Dungeon (7/15)
 Temple: D:4-7

Altars:
Dithmenos
Fedhas
Trog

Annotations:
D:7 Menkaure


Innate Abilities, Weirdness & Mutations

You have razor-sharp teeth.
You heal very quickly.
When hurt, damage is shared between your health and your magic reserves.
Your bite disrupts and absorbs the magic of your enemies.
Potions and wands cannot restore your health.
You are immune to rotting.


Message History

You punch the kobold!
You kill the kobold!
You closely miss the kobold. Your punch misses the kobold.
The kobold is moderately wounded.
The kobold hits you but does no damage.
You hit the kobold.
You kill the kobold!
The kobold closely misses you.
Menkaure casts a spell.
Menkaure seems to speed up.
Items here: ))) †† a whip of electrocution; a dagger; a giant spiked club; a kobold corpse a kobold corpse You punch the kobold!!
You kill the kobold!
You hit Menkaure but do no damage. You bite Menkaure, but do no damage.
Menkaure hits you!
* * * LOW HITPOINT WARNING * * *
You closely miss Menkaure. Your bite misses Menkaure. Menkaure hits you!!
You die...

#.#.....# #..##
#.#...?.##
#####....
#........
..........
#..$...
#####...#
######..†.#
#...# .....O..(#
#[###
.#######.#####
#.# # #M#...#
#.# # #@#<..#
#.# # #.#...#
#.#
#.....########.#
###...##)..)...#
###.##.#######
#.....# ##....#
#..(.# #....#


You could see Menkaure.

Vanquished Creatures
  An ice beast (D:7)
  A sky beast (D:6)
  A necrophage (D:6)
  4 ogres
  Sigmund (D:3)
  Duvessa (D:6)
  3 centaurs
  2 big kobolds (D:7)
  Blork the orc (D:6)
  2 giant frogs (D:6)
  A gnoll sergeant (D:5)
  A scorpion (D:5)
  3 crimson imps
  Dowan (D:6)
  2 orc priests
  Crazy Yiuf (D:3)
  A centaur skeleton (D:4)
  2 hounds (D:5)
  5 orc wizards
  Natasha (twice) (D:6)
  2 iguanas
  4 worker ants
  Terence (D:2)
  7 gnolls
  3 hound skeletons
  8 adders
  2 giant mites
  2 shadow imps
  2 worms (D:2)
  10 orcs
  8 bats
  2 bat skeletons
  10 goblins
  8 hobgoblins
  17 kobolds
  2 quokkas
  7 giant cockroaches
  6 giant geckos
  4 giant newts
  12 rats
153 creatures vanquished.

Notes
Turn   | Place    | Note
--------------------------------------------------------------
     0 | D:1      | DogShitOnMyToe, the Vine Stalker Hunter, began the quest for the Orb.
     0 | D:1      | Reached XP level 1. HP: 11/11 MP: 1/1
     0 | D:1      | Noticed an orb of fire
     3 | D:1      | Noticed an iron dragon
     5 | D:1      | Noticed a shadow dragon
     9 | D:1      | Noticed a green draconian
    10 | D:1      | Noticed an ice dragon
    12 | D:1      | Noticed an orb of fire
    14 | D:1      | Noticed a tentacled monstrosity
    14 | D:1      | Noticed an ice dragon
    15 | D:1      | Noticed a large abomination
    16 | D:1      | Noticed a shadow dragon
    16 | D:1      | Noticed an orb of fire
    18 | D:1      | Noticed a yellow draconian
    18 | D:1      | Noticed a tentacled monstrosity
    18 | D:1      | Noticed an iron dragon
    20 | D:1      | Noticed an ice dragon
    20 | D:1      | Noticed a green draconian
    21 | D:1      | Noticed a large abomination
   106 | D:1      | Reached skill level 1 in Unarmed Combat
   158 | D:1      | Reached XP level 2. HP: 15/15 MP: 3/3
   775 | D:2      | Reached XP level 3. HP: 18/18 MP: 4/4
   950 | D:2      | Noticed Terence
   964 | D:2      | Killed Terence
   964 | D:2      | Reached XP level 4. HP: 7/23 MP: 1/5
  1418 | D:3      | Reached skill level 4 in Unarmed Combat
  1511 | D:3      | Found a shadowy altar of Dithmenos.
  1589 | D:3      | Noticed an ogre
  1648 | D:3      | Killed an ogre
  1648 | D:3      | Reached skill level 5 in Unarmed Combat
  1648 | D:3      | Reached XP level 5. HP: 15/26 MP: 5/7
  1821 | D:3      | Noticed Crazy Yiuf
  1828 | D:3      | Killed Crazy Yiuf
  1966 | D:3      | Gained mutation: You heal very quickly. [vine stalker growth]
  1966 | D:3      | Reached XP level 6. HP: 30/30 MP: 8/8
  1997 | D:3      | Noticed Sigmund
  2011 | D:3      | Killed Sigmund
  2011 | D:3      | Reached skill level 6 in Unarmed Combat
  2728 | D:4      | Reached XP level 7. HP: 34/34 MP: 9/9
  2745 | D:4      | Reached skill level 7 in Unarmed Combat
  3076 | D:5      | Entered Level 5 of the Dungeon
  3148 | D:5      | Reached skill level 8 in Unarmed Combat
  3603 | D:5      | Gained mutation: You have razor-sharp teeth. [vine stalker growth]
  3603 | D:5      | Reached XP level 8. HP: 33/38 MP: 9/11
  3630 | D:5      | Reached skill level 9 in Unarmed Combat
  4033 | D:5      | Found a bloodstained altar of Trog.
  4034 | D:5      | Found a blossoming altar of Fedhas.
  4152 | D:6      | Noticed Duvessa
  4152 | D:6      | Reached skill level 10 in Unarmed Combat
  4153 | D:6      | Noticed Dowan
  4160 | D:6      | Killed Duvessa
  4167 | D:6      | Killed Dowan
  4189 | D:6      | Noticed Blork the orc
  4208 | D:6      | Killed Blork the orc
  4310 | D:6      | Noticed Natasha
  4313 | D:6      | Killed Natasha
  4325 | D:6      | Reached XP level 9. HP: 40/42 MP: 10/12
  4458 | D:6      | Noticed Natasha
  4459 | D:6      | Killed Natasha
  4459 | D:6      | Reached skill level 11 in Unarmed Combat
  4992 | D:7      | Noticed Menkaure
  5020 | D:7      | Mangled by Menkaure

Action                   |  1- 3 |  4- 6 |  7- 9 || total
-------------------------+-------+-------+-------++-------
Melee: Unarmed           |    88 |   115 |   230 ||   433
 Stab: Sleeping          |     1 |       |       ||     1
  Eat: Chunk             |       |     6 |     7 ||    13
